 Dungeon Crawl Stone Soup version 0.23-a0-352-geaabbf348b (webtiles) character file.

80139 MummyMadness the Thaumaturge (level 15, -1/115 HPs)
             Began as a Gnoll Air Elementalist on Sept 29, 2018.
             Was an Elder of Vehumet.
             Slain by a very large slime creature (48 damage)
             ... on level 15 of the Dungeon on Oct 21, 2018.
             The game lasted 02:01:52 (34634 turns).

MummyMadness the Thaumaturge (GnAE)                Turns: 34634, Time: 02:01:52

Health: -1/115     AC: 15    Str: 12    XL:     15   Next: 66%
Magic:  30/30      EV: 17    Int: 25    God:    Vehumet [****..]
Gold:   1481       SH:  3    Dex: 11    Spells: 8/36 levels left

rFire    + + .     SeeInvis .   b - +5 longbow
rCold    + . .     Gourm    .   (shield currently unavailable)
rNeg     . . .     Faith    .   G - +2 robe of Hoasint {rElec Int+2 Dex-4}
rPois    +         Spirit   .   E - +2 helmet
rElec    +         Reflect  +   d - scarf {rC+ rF+}
rCorr    .         Harm     .   S - +2 pair of gloves {archery}
MR       +....                  Q - +2 pair of boots
Stlth    ++++......             k - +3 amulet of reflection
HPRegen  0.29/turn              F - ring of protection from fire
MPRegen  0.22/turn              P - ring of poison resistance

@: no status effects
A: distributed training, fangs 1, strong nose
a: Renounce Religion


You were on level 15 of the Dungeon.
You worshipped Vehumet.
Vehumet was greatly pleased with you.
You were hungry.

You visited 3 branches of the dungeon, and saw 23 of its levels.
You also visited: Sewer.

You collected 1983 gold pieces.
You spent 502 gold pieces at shops.


Innate Abilities, Weirdness & Mutations

Your experience applies equally to all skills.
You have very sharp teeth.
Your uncanny sense of smell can sniff out nearby items.


   Skills:
 + Level 10.0 Fighting
 + Level 10.0 Short Blades
 + Level 10.0 Long Blades
 + Level 10.0 Axes
 + Level 10.0 Maces & Flails
 + Level 10.0 Polearms
 + Level 10.0 Staves
 + Level 10.0 Slings
 + Level 10.0 Bows
 + Level 10.0 Crossbows
 + Level 10.0 Throwing
 + Level 10.0 Armour
 + Level 11.0 Dodging
 + Level 10.8 Stealth
 + Level 10.0 Shields
 + Level 10.0 Unarmed Combat
 + Level 11.1 Spellcasting
 + Level 8.8 Conjurations
 + Level 8.4 Hexes
 + Level 8.4 Charms
 + Level 8.4 Summonings
 + Level 8.4 Necromancy
 + Level 8.4 Translocations
 + Level 8.4 Transmutations
 + Level 8.4 Fire Magic
 + Level 8.4 Ice Magic
 + Level 10.1 Air Magic
 + Level 8.4 Earth Magic
 + Level 8.4 Poison Magic
 + Level 10.9 Invocations
 + Level 10.0 Evocations


You had 8 spell levels left.
You knew the following spells:

 Your Spells              Type           Power        Failure   Level  Hunger
c - Conjure Flame         Conj/Fire      ######..     1%          3    None
f - Freezing Cloud        Conj/Ice/Air   ######....   4%          6    #####..
k - Airstrike             Air            ######....   1%          4    None
l - Lee's Rapid Deconstr  Erth           ######....   1%          5    ####...
m - Mephitic Cloud        Conj/Pois/Air  ######..     1%          3    None
s - Swiftness             Chrm/Air       ######..     1%          2    None
x - Ensorcelled Hibernat  Hex/Ice        ######       1%          2    None
z - Shock                 Conj/Air       ####         1%          1    None
I - Blink                 Tloc           N/A          1%          2    None

Your spell library contained the following spells:

 Spells                   Type           Power        Failure   Level  Hunger
 Conjure Ball Lightning   Conj/Air       ######....   4%          6    #####..
 Corona                   Hex            ######.      1%          1    None
 Magic Dart               Conj           ####         1%          1    None
 Sandblast                Erth           ######       1%          1    None
 Sting                    Conj/Pois      ####         1%          1    None
 Call Imp                 Summ           ######..     1%          2    None
 Passwall                 Tmut/Erth      ######..     1%          2    None
 Poisonous Vapours        Pois/Air       ######       1%          2    None
 Shroud of Golubria       Chrm/Tloc      ######....   1%          2    None
 Slow                     Hex            ######..     1%          2    None
 Confuse                  Hex            ######..     1%          3    None
 Dazzling Spray           Conj/Hex       ######       1%          3    None
 Gell's Gravitas          Tloc           ######....   1%          3    None
 Lesser Beckoning         Tloc           ######....   1%          3    None
 Recall                   Summ/Tloc      N/A          1%          3    None
 Static Discharge         Conj/Air       ######..     1%          3    None
 Stone Arrow              Conj/Erth      ######       1%          3    None
 Teleport Other           Tloc           ######..     1%          3    None
 Tukima's Dance           Hex            ######..     1%          3    None
 Animate Dead             Necr           N/A          1%          4    None
 Olgreb's Toxic Radiance  Pois           ######..     1%          4    None
 Passage of Golubria      Tloc           N/A          1%          4    None
 Petrify                  Tmut/Erth      ######..     1%          4    None
 Bolt of Magma            Conj/Fire/Erth ######....   1%          5    ####...
 Iskenderun's Battlesphe  Conj/Chrm      ######..     1%          5    ####...
 Lightning Bolt           Conj/Air       ######....   1%          5    ####...
 Venom Bolt               Conj/Pois      ######....   1%          5    ####...
 Borgnjor's Vile Clutch   Necr/Erth      ######....   3%          5    ####...
 Iron Shot                Conj/Erth      ######....   5%          6    #####..
 Death Channel            Necr           ######....   21%         6    #####..
 Simulacrum               Ice/Necr       ######....   21%         6    #####..
 Orb of Destruction       Conj           ######....   24%         7    #######
 Spellforged Servitor     Conj/Summ      ######....   26%         7    #######

Inventory:

Hand Weapons
 a - the +6 rapier "Ixyghuit" {drain, rPois}
   (You bought it in a shop on level 5 of the Dungeon)

   A truly terrible weapon, it drains the life of those it strikes.
   It protects you from poison.
 b - a +5 longbow (weapon)
 h - the +7 dagger of the Lamprey {drain, rElec}
   (You found it on level 12 of the Dungeon)

   A truly terrible weapon, it drains the life of those it strikes.
   It insulates you from electricity.
 s - the +6 great mace of the Hierophant {crush, +Rage rC+}
   (You took it off an ogre on level 5 of the Dungeon)

   It inflicts extra damage upon your enemies.
   It protects you from cold.
   It lets you go berserk.
Missiles
 g - 410 arrows (quivered)
 j - 11 steel javelins
 t - 11 javelins
Armour
 d - a scarf of resistance (worn)
 v - a +1 leather armour of magic resistance
 E - a +2 helmet (worn)
 G - the +2 robe of Hoasint (worn) {rElec Int+2 Dex-4}
   (You took it off an orc on level 12 of the Dungeon)

   It affects your intelligence (+2).
   It affects your dexterity (-4).
   It insulates you from electricity.
 Q - a +2 pair of boots (worn)
 S - a +2 pair of gloves of archery (worn)
 U - a +4 ring mail
Jewellery
 k - a +3 amulet of reflection (around neck)
 C - an uncursed ring of protection from cold
 F - a ring of protection from fire (left hand)
 P - a ring of poison resistance (right hand)
Wands
 q - a wand of enslavement (51)
 w - a wand of disintegration (21)
 K - a wand of iceblast (22)
 L - a wand of acid (11)
 R - a wand of scattershot (11)
 T - a wand of paralysis (29)
Scrolls
 f - 4 scrolls of identify {@r1}
 m - 3 scrolls of amnesia
 o - 4 scrolls of teleportation {@r4}
 p - a scroll of blinking
 r - 3 scrolls of fear
 y - 4 scrolls of magic mapping
 J - 2 scrolls of fog
 N - 9 scrolls of remove curse {@r2}
 O - 2 scrolls of vulnerability {!r}
 W - 2 scrolls of immolation {!r}
 Z - a scroll of summoning
Potions
 e - 5 potions of agility
 i - 3 potions of brilliance
 l - 5 potions of heal wounds {@q2}
 n - 12 potions of curing {@q1}
 u - 2 potions of lignification {!q}
 x - a potion of berserk rage {!q}
 A - 3 potions of magic
 D - 5 potions of might
 I - a potion of ambrosia
 V - a potion of flight
 X - 2 potions of haste {@q3}
Miscellaneous
 M - a lightning rod (4/4)
 Y - a lamp of fire
Comestibles
 c - 35 rations
 z - a chunk of flesh

Dungeon Overview and Level Annotations

Branches:
Dungeon (15/15)            Temple (0/1) D:4            Lair (6/6) D:8
  Swamp (0/4) Lair:2        Snake (0/4) Lair:3        Slime (0/5) Lair:5
    Orc (2/2) D:11         Vaults (0/5) D:14
    Elf: Orc:2       Depths: D:15

Altars:
Ashenzari
Cheibriados
Gozag
Hepliaklqana
Qazlal
Uskayaw
Vehumet
Xom
The Shining One
Beogh

Shops:
D:5 (   D:7 [   D:11 *

Annotations:
D:11 2 transporters, 1 exclusion, Ablot's ghost, journeyman GnSk
D:15 Louise
Orc:1 Saint Roka

..# #....#
#..## ####
#....# #.#
###
∆[(...##....#
#. @.##
#......####.
∆ ..C##
####.....##
....#
#...##....
....#
#####(.##
###. ....#
#.....##
###.#
.....##@## ∆
... ##. ##J#
..# #§§# ..
#...§§## O
......§## #.
#####.. ∆ O#
..( #. ....
...#(


You could see a very large slime creature.


Message History

The very large slime creature is heavily wounded.
The very large slime creature hits you!
You are too injured to fight recklessly!
You are too injured to fight recklessly!
You are too injured to fight recklessly!
You are too injured to fight recklessly!
Firing (i - inventory. (/) - cycle)
g - 413 arrows (quivered)
Press: ? - help, Shift-Dir - straight line, f/p - very large slime creature
Aim: a very large slime creature (heavily wounded)
You shoot an arrow.
The arrow hits the very large slime creature!!
The very large slime creature is severely wounded.
The very large slime creature barely misses you.
Firing (i - inventory. (/) - cycle)
g - 412 arrows (quivered)
Press: ? - help, Shift-Dir - straight line, f/p - very large slime creature
Aim: a very large slime creature (severely wounded)
You shoot an arrow.
The arrow hits the very large slime creature.
The very large slime creature is severely wounded.
The very large slime creature barely misses you.
Firing (i - inventory. (/) - cycle)
g - 411 arrows (quivered)
Press: ? - help, Shift-Dir - straight line, f/p - very large slime creature
Aim: a very large slime creature (severely wounded)
You shoot an arrow.
The arrow hits the very large slime creature!
The very large slime creature is severely wounded.
The very large slime creature hits you!!
* * * LOW HITPOINT WARNING * * *
The very large slime creature hits you!!!
You die...

Skill      XL: |  1  2  3  4  5  6  7  8  9 10 11 12 13 14 15 |
---------------+----------------------------------------------+-----
Conjurations   | 2 3 4 5 6 7 8 |  8.8
Spellcasting   | 5 6 7 8 9 10 11 | 11.1
Invocations    | 1 2 3 4 5 6 7 8 9 10 | 10.9
Fighting       | 1 2 3 4 5 6 7 8 9 10 | 10.0
Short Blades   | 1 2 3 4 5 6 7 8 9 10 | 10.0
Long Blades    | 1 2 3 4 5 6 7 8 9 10 | 10.0
Axes           | 1 2 3 4 5 6 7 8 9 10 | 10.0
Maces & Flails | 1 2 3 4 5 6 7 8 9 10 | 10.0
Polearms       | 1 2 3 4 5 6 7 8 9 10 | 10.0
Staves         | 1 2 3 4 5 6 7 8 9 10 | 10.0
Slings         | 1 2 3 4 5 6 7 8 9 10 | 10.0
Bows           | 1 2 3 4 5 6 7 8 9 10 | 10.0
Crossbows      | 1 2 3 4 5 6 7 8 9 10 | 10.0
Throwing       | 1 2 3 4 5 6 7 8 9 10 | 10.0
Armour         | 1 2 3 4 5 6 7 8 9 10 | 10.0
Shields        | 1 2 3 4 5 6 7 8 9 10 | 10.0
Unarmed Combat | 1 2 3 4 5 6 7 8 9 10 | 10.0
Evocations     | 1 2 3 4 5 6 7 8 9 10 | 10.0
Hexes          | 1 2 3 4 5 6 7 8 |  8.4
Charms         | 1 2 3 4 5 6 7 8 |  8.4
Summonings     | 1 2 3 4 5 6 7 8 |  8.4
Necromancy     | 1 2 3 4 5 6 7 8 |  8.4
Translocations | 1 2 3 4 5 6 7 8 |  8.4
Transmutations | 1 2 3 4 5 6 7 8 |  8.4
Fire Magic     | 1 2 3 4 5 6 7 8 |  8.4
Ice Magic      | 1 2 3 4 5 6 7 8 |  8.4
Earth Magic    | 1 2 3 4 5 6 7 8 |  8.4
Poison Magic   | 1 2 3 4 5 6 7 8 |  8.4
Dodging        | 5 6 7 8 9 10 11 | 11.0
Stealth        | 5 6 7 8 9 10 | 10.8
Air Magic      | 6 7 8 9 10 | 10.1

Action                   |  1- 3 |  4- 6 |  7- 9 | 10-12 | 13-15 || total
-------------------------+-------+-------+-------+-------+-------++-------
Melee: Unarmed           |     1 |       |       |       |       ||     1
       Spear             |     5 |   157 |    94 |       |       ||   256
       Bite              |       |     5 |    50 |    28 |    16 ||    99
       Punch             |       |     1 |     2 |       |     7 ||    10
       Dagger            |       |       |   155 |       |       ||   155
       Rapier            |       |       |   132 |   226 |   133 ||   491
       Great mace        |       |       |       |    68 |       ||    68
 Fire: Blowgun           |       |     4 |       |       |       ||     4
       Longbow           |       |       |       |    26 |  1140 ||  1166
Throw: Javelin           |       |       |       |     4 |       ||     4
 Cast: Shock             |    50 |    66 |    47 |   104 |     3 ||   270
       Airstrike         |       |     8 |    50 |    71 |    28 ||   157
       Conjure Flame     |       |       |     2 |    10 |    12 ||    24
       Lee's Rapid Decon |       |       |       |    33 |    41 ||    74
       Mephitic Cloud    |       |       |       |     5 |     5 ||    10
       Ensorcelled Hiber |       |       |       |     5 |    33 ||    38
       Blink             |       |       |       |       |    23 ||    23
       Freezing Cloud    |       |       |       |       |    27 ||    27
Evoke: Wand              |       |       |     2 |     9 |     9 ||    20
       Lightning rod     |       |       |       |     2 |       ||     2
  Use: Scroll            |     4 |     3 |     9 |    20 |    10 ||    46
       Potion            |       |       |       |       |     1 ||     1
 Stab: Sleeping          |       |    10 |    11 |    18 |    14 ||    53
       Distracted        |       |       |     1 |     1 |       ||     2
       Confused          |       |       |       |     3 |       ||     3
       Paralysed         |       |       |       |       |     1 ||     1
  Eat: Chunk             |     1 |    10 |    17 |    34 |    40 ||   102
       Ration            |       |       |     2 |     2 |     8 ||    12
Armor: Robe              |       |    29 |       |       |    43 ||    72
       Troll leather arm |       |       |    35 |    28 |       ||    63
       Leather armour    |       |       |    12 |       |     5 ||    17
       Ring mail         |       |       |       |    88 |   235 ||   323
Dodge: Dodged            |     5 |   127 |   166 |   267 |   585 ||  1150
Block: Buckler           |       |       |     3 |    20 |       ||    23
       Other             |       |       |       |       |    52 ||    52
       Reflection        |       |       |       |       |     6 ||     6

Vault maps used:
D:1:      dpeg_arrival_simpleton_b
D:2:      amethyst_overflow_temple_binary, first_ration, uniq_natasha
D:3:      tgw_xom
D:4:      kennysheep_kobold_camp, minmay_temple_entry_steel_oval,
          gup_sewer_entry_spiral, uniq_ijyb
D:5:      kennysheep_mini_moat, serial_shops, nicolae_shop_waterfront,
          gammafunk_ghost_smash, grunt_decor_arrowhead, uniq_grinder
D:6:      overflow_temple_1_default
D:7:      serial_shops, shop, uniq_menkaure
D:8:      david_lair_shrubbed, basic_altar, the_bakery
D:9:      nicolae_qazlal_general_emergency, basic_altar
D:11:     orc_0_dummy, serial_shops, shop, gammafunk_ghost_stat_death,
          grunt_ashenzari_visionary, uniq_josephine, uniq_nergalle
D:12:     biasface_ghost_orc_armoury, uniq_urug
D:13:     gammafunk_ghost_nasty_kobolds, uniq_maurice
D:14:     david_vaults_2
D:15:     hangedman_depths_entry_civil_slaughter, serial_shops,
          nicolae_shop_statue_plus, uniq_louise
Lair:1:   grunt_megastairs_1, lemuel_fruit_tree
Lair:2:   swamp_mist_pool, ebering_ghost_xom, serial_bayou_shore_a
Lair:3:   guppyfry_snake_entry_garden, beast_lair_carwin_11
Lair:4:   patterned_corridor, uniq_sonja
Lair:5:   minmay_slime_entry_jelly_boxes, uniq_kirke
Lair:6:   hangedman_lair_caniforms_friends, wormcave, grunt_megastairs_5
Orc:1:    basic_altar
Orc:2:    grunt_orc_cross, enter_volcano_2, serial_shops, shop, uniq_saint_roka,
          uniq_donald
Sewer:    sewer_big_baddie

Notes
Turn   | Place    | Note
-------+----------+-------------------------------------------
     0 | D:1      | MummyMadness the Gnoll Air Elementalist began the quest for
                  | the Orb.
     0 | D:1      | Reached XP level 1. HP: 13/13 MP: 6/6
    82 | D:1      | Reached skill level 2 in Conjurations
   171 | D:1      | Reached XP level 2. HP: 11/19 MP: 3/7
   306 | D:1      | Learned a level 2 spell: Swiftness
  1035 | D:2      | Reached skill level 5 in Spellcasting
  1035 | D:2      | Reached XP level 3. HP: 25/25 MP: 5/9
  1040 | D:2      | Learned a level 3 spell: Static Discharge
  1115 | D:2      | Noticed Natasha
  1134 | D:2      | Identified a scarf of resistance (You found it on level 2
                  | of the Dungeon)
  1306 | D:2      | Reached skill level 1 in Invocations
  1377 | D:2      | Killed Natasha
  1377 | D:2      | Reached skill level 1 in Fighting
  1377 | D:2      | Reached skill level 1 in Short Blades
  1377 | D:2      | Reached skill level 1 in Long Blades
  1377 | D:2      | Reached skill level 1 in Axes
  1377 | D:2      | Reached skill level 1 in Maces & Flails
  1377 | D:2      | Reached skill level 1 in Polearms
  1377 | D:2      | Reached skill level 1 in Staves
  1377 | D:2      | Reached skill level 1 in Slings
  1377 | D:2      | Reached skill level 1 in Bows
  1377 | D:2      | Reached skill level 1 in Crossbows
  1377 | D:2      | Reached skill level 1 in Throwing
  1377 | D:2      | Reached skill level 1 in Armour
  1377 | D:2      | Reached skill level 1 in Shields
  1377 | D:2      | Reached skill level 1 in Unarmed Combat
  1377 | D:2      | Reached skill level 1 in Evocations
  1377 | D:2      | Reached XP level 4. HP: 18/32 MP: 7/11
  1571 | D:2      | Noticed Natasha
  1581 | D:2      | Killed Natasha
  1649 | D:2      | Reached skill level 1 in Hexes
  1649 | D:2      | Reached skill level 1 in Charms
  1649 | D:2      | Reached skill level 1 in Summonings
  1649 | D:2      | Reached skill level 1 in Necromancy
  1649 | D:2      | Reached skill level 1 in Translocations
  1649 | D:2      | Reached skill level 1 in Transmutations
  1649 | D:2      | Reached skill level 1 in Fire Magic
  1649 | D:2      | Reached skill level 1 in Ice Magic
  1649 | D:2      | Reached skill level 1 in Earth Magic
  1649 | D:2      | Reached skill level 1 in Poison Magic
  1757 | D:2      | Learned a level 4 spell: Airstrike
  2023 | D:2      | Noticed Natasha
  2102 | D:2      | Killed Natasha
  2102 | D:2      | Reached XP level 5. HP: 37/37 MP: 3/12
  2345 | D:2      | Found a radiant altar of Vehumet.
  2345 | D:2      | Found a snail-covered altar of Cheibriados.
  2551 | D:2      | Became a worshipper of Vehumet
  3299 | D:3      | Found a shimmering altar of Xom.
  3401 | D:3      | Reached * piety under Vehumet
  3401 | D:3      | Offered knowledge of Sandblast by Vehumet.
  3642 | D:4      | Found a staircase to the Ecumenical Temple.
  3665 | D:4      | Noticed Ijyb
  3671 | D:4      | Killed Ijyb
  3671 | D:4      | Reached XP level 6. HP: 44/44 MP: 3/13
  3724 | D:4      | Reached skill level 2 in Invocations
  3809 | D:4      | Reached skill level 2 in Fighting
  3809 | D:4      | Reached skill level 2 in Short Blades
  3809 | D:4      | Reached skill level 2 in Long Blades
  3809 | D:4      | Reached skill level 2 in Axes
  3809 | D:4      | Reached skill level 2 in Maces & Flails
  3809 | D:4      | Reached skill level 2 in Polearms
  3809 | D:4      | Reached skill level 2 in Staves
  3809 | D:4      | Reached skill level 2 in Slings
  3809 | D:4      | Reached skill level 2 in Bows
  3809 | D:4      | Reached skill level 2 in Crossbows
  3809 | D:4      | Reached skill level 2 in Throwing
  3809 | D:4      | Reached skill level 2 in Armour
  3809 | D:4      | Reached skill level 5 in Dodging
  3809 | D:4      | Reached skill level 2 in Shields
  3809 | D:4      | Reached skill level 2 in Unarmed Combat
  3809 | D:4      | Reached skill level 2 in Evocations
  4020 | D:4      | Found a glowing drain.
  4024 | Sewer    | Entered a sewer
  4229 | Sewer    | Noticed Purgy
  4241 | Sewer    | Killed Purgy
  4241 | Sewer    | Reached XP level 7. HP: 42/50 MP: 4/15
  4433 | D:4      | Reached ** piety under Vehumet
  4746 | D:4      | Offered knowledge of Flame Tongue by Vehumet.
  4983 | D:4      | Reached skill level 2 in Hexes
  4983 | D:4      | Reached skill level 2 in Charms
  4983 | D:4      | Reached skill level 2 in Summonings
  4983 | D:4      | Reached skill level 2 in Necromancy
  4983 | D:4      | Reached skill level 2 in Translocations
  4983 | D:4      | Reached skill level 2 in Transmutations
  4983 | D:4      | Reached skill level 2 in Fire Magic
  4983 | D:4      | Reached skill level 2 in Ice Magic
  4983 | D:4      | Reached skill level 2 in Earth Magic
  4983 | D:4      | Reached skill level 2 in Poison Magic
  5581 | D:5      | Entered Level 5 of the Dungeon
  5618 | D:5      | Noticed Grinder
  5620 | D:5      | Paralysed by Grinder for 4 turns
  5627 | D:5      | Killed Grinder
  5627 | D:5      | Reached skill level 5 in Stealth
  5627 | D:5      | Reached skill level 3 in Conjurations
  5627 | D:5      | Reached skill level 3 in Invocations
  5777 | D:5      | Found Faizoyc's Antique Weapon Shoppe.
  5869 | D:5      | Found a hazy altar of Hepliaklqana.
  5932 | D:5      | Found a transporter.
  5964 | D:5      | Learned a level 2 spell: Blink
  5968 | D:5      | Learned a level 3 spell: Conjure Flame
  5987 | D:5      | Reached XP level 8. HP: 57/57 MP: 16/16
  6068 | D:5      | Reached skill level 6 in Air Magic
  6211 | D:5      | Reached skill level 3 in Fighting
  6211 | D:5      | Reached skill level 3 in Short Blades
  6211 | D:5      | Reached skill level 3 in Long Blades
  6211 | D:5      | Reached skill level 3 in Axes
  6211 | D:5      | Reached skill level 3 in Maces & Flails
  6211 | D:5      | Reached skill level 3 in Polearms
  6211 | D:5      | Reached skill level 3 in Staves
  6211 | D:5      | Reached skill level 3 in Slings
  6211 | D:5      | Reached skill level 3 in Bows
  6211 | D:5      | Reached skill level 3 in Crossbows
  6211 | D:5      | Reached skill level 3 in Throwing
  6211 | D:5      | Reached skill level 3 in Armour
  6211 | D:5      | Reached skill level 3 in Shields
  6211 | D:5      | Reached skill level 3 in Unarmed Combat
  6211 | D:5      | Reached skill level 3 in Evocations
  6459 | D:5      | Bought a pitted rapier for 153 gold pieces
  6461 | D:5      | Identified the +6 rapier "Ixyghuit" {drain, rPois} (You
                  | bought it in a shop on level 5 of the Dungeon)
  6480 | D:5      | Learned a level 3 spell: Mephitic Cloud
  6624 | D:5      | Noticed Ablot's ghost (novice GnSk)
  6625 | D:5      | Found a transporter.
  6654 | D:5      | Reached skill level 6 in Spellcasting
  6871 | D:6      | Offered knowledge of Throw Frost by Vehumet.
  6906 | D:6      | Found a glowing golden altar of the Shining One.
  7047 | D:6      | Reached *** piety under Vehumet
  7435 | D:6      | Reached skill level 3 in Hexes
  7435 | D:6      | Reached skill level 3 in Charms
  7435 | D:6      | Reached skill level 3 in Summonings
  7435 | D:6      | Reached skill level 3 in Necromancy
  7435 | D:6      | Reached skill level 3 in Translocations
  7435 | D:6      | Reached skill level 3 in Transmutations
  7435 | D:6      | Reached skill level 3 in Fire Magic
  7435 | D:6      | Reached skill level 3 in Ice Magic
  7435 | D:6      | Reached skill level 3 in Earth Magic
  7435 | D:6      | Reached skill level 3 in Poison Magic
  7435 | D:6      | Reached skill level 4 in Invocations
  7729 | D:6      | Reached XP level 9. HP: 55/65 MP: 16/18
  7769 | D:7      | Offered knowledge of Ignite Poison by Vehumet.
  7769 | D:7      | Reached skill level 6 in Dodging
  7890 | D:7      | Found Pirhupuff's Antique Armour Shoppe.
  8033 | D:7      | Reached skill level 4 in Fighting
  8033 | D:7      | Reached skill level 4 in Short Blades
  8033 | D:7      | Reached skill level 4 in Long Blades
  8033 | D:7      | Reached skill level 4 in Axes
  8033 | D:7      | Reached skill level 4 in Maces & Flails
  8033 | D:7      | Reached skill level 4 in Polearms
  8033 | D:7      | Reached skill level 4 in Staves
  8033 | D:7      | Reached skill level 4 in Slings
  8033 | D:7      | Reached skill level 4 in Bows
  8033 | D:7      | Reached skill level 4 in Crossbows
  8033 | D:7      | Reached skill level 4 in Throwing
  8033 | D:7      | Reached skill level 4 in Armour
  8033 | D:7      | Reached skill level 4 in Shields
  8033 | D:7      | Reached skill level 4 in Unarmed Combat
  8033 | D:7      | Reached skill level 4 in Conjurations
  8033 | D:7      | Reached skill level 4 in Evocations
  8217 | D:7      | Noticed Menkaure
  8218 | D:7      | Reached skill level 6 in Stealth
  8220 | D:7      | Killed Menkaure
  8429 | D:7      | Learned a level 3 spell: Ignite Poison
  8868 | D:7      | Bought a spiked buckler for 237 gold pieces
  8873 | D:7      | Identified the -3 buckler "Rinikka" {rC+} (You bought it in
                  | a shop on level 7 of the Dungeon)
  8910 | D:8      | Reached skill level 5 in Invocations
  9114 | D:8      | Reached **** piety under Vehumet
  9120 | D:8      | Offered knowledge of Lee's Rapid Deconstruction by Vehumet.
  9150 | D:8      | Reached XP level 10. HP: 73/73 MP: 5/20
  9274 | D:7      | Reached skill level 7 in Spellcasting
  9311 | D:7      | Learned a level 5 spell: Lee's Rapid Deconstruction
  9336 | D:8      | Reached skill level 4 in Hexes
  9336 | D:8      | Reached skill level 4 in Charms
  9336 | D:8      | Reached skill level 4 in Summonings
  9336 | D:8      | Reached skill level 4 in Necromancy
  9336 | D:8      | Reached skill level 4 in Translocations
  9336 | D:8      | Reached skill level 4 in Transmutations
  9336 | D:8      | Reached skill level 4 in Fire Magic
  9336 | D:8      | Reached skill level 4 in Ice Magic
  9336 | D:8      | Reached skill level 4 in Earth Magic
  9336 | D:8      | Reached skill level 4 in Poison Magic
  9517 | D:8      | Found a staircase to the Lair.
  9654 | D:8      | Reached skill level 5 in Fighting
  9654 | D:8      | Reached skill level 5 in Short Blades
  9654 | D:8      | Reached skill level 5 in Long Blades
  9654 | D:8      | Reached skill level 5 in Axes
  9654 | D:8      | Reached skill level 5 in Maces & Flails
  9654 | D:8      | Reached skill level 5 in Polearms
  9654 | D:8      | Reached skill level 5 in Staves
  9654 | D:8      | Reached skill level 5 in Slings
  9654 | D:8      | Reached skill level 5 in Bows
  9654 | D:8      | Reached skill level 5 in Crossbows
  9654 | D:8      | Reached skill level 5 in Throwing
  9654 | D:8      | Reached skill level 5 in Armour
  9654 | D:8      | Reached skill level 5 in Shields
  9654 | D:8      | Reached skill level 5 in Unarmed Combat
  9654 | D:8      | Reached skill level 5 in Evocations
  9704 | D:8      | Reached skill level 7 in Air Magic
  9883 | D:8      | Found an opulent altar of Gozag.
  9893 | D:8      | Reached skill level 7 in Dodging
 10435 | D:9      | Reached skill level 5 in Conjurations
 10552 | D:9      | Found a stormy altar of Qazlal.
 10577 | D:9      | Found a hide-covered altar of Uskayaw.
 10642 | D:9      | Reached skill level 6 in Invocations
 10983 | D:7      | Bought a pair of boots for 112 gold pieces
 11029 | D:10     | Entered Level 10 of the Dungeon
 11080 | D:10     | Reached skill level 7 in Stealth
 11337 | D:10     | Reached ***** piety under Vehumet
 11431 | D:10     | Reached XP level 11. HP: 81/81 MP: 11/22
 11518 | D:10     | Noticed a two-headed ogre
 11525 | D:10     | Killed a two-headed ogre
 11660 | D:10     | Offered knowledge of Throw Icicle by Vehumet.
 11975 | D:10     | Reached skill level 6 in Fighting
 11975 | D:10     | Reached skill level 6 in Short Blades
 11975 | D:10     | Reached skill level 6 in Long Blades
 11975 | D:10     | Reached skill level 6 in Axes
 11975 | D:10     | Reached skill level 6 in Maces & Flails
 11975 | D:10     | Reached skill level 6 in Polearms
 11975 | D:10     | Reached skill level 6 in Staves
 11975 | D:10     | Reached skill level 6 in Slings
 11975 | D:10     | Reached skill level 6 in Bows
 11975 | D:10     | Reached skill level 6 in Crossbows
 11975 | D:10     | Reached skill level 6 in Throwing
 11975 | D:10     | Reached skill level 6 in Armour
 11975 | D:10     | Reached skill level 6 in Shields
 11975 | D:10     | Reached skill level 6 in Unarmed Combat
 11975 | D:10     | Reached skill level 6 in Evocations
 12108 | D:10     | Reached skill level 5 in Hexes
 12108 | D:10     | Reached skill level 5 in Charms
 12108 | D:10     | Reached skill level 5 in Summonings
 12108 | D:10     | Reached skill level 5 in Necromancy
 12108 | D:10     | Reached skill level 5 in Translocations
 12108 | D:10     | Reached skill level 5 in Transmutations
 12108 | D:10     | Reached skill level 5 in Fire Magic
 12108 | D:10     | Reached skill level 5 in Ice Magic
 12108 | D:10     | Reached skill level 5 in Earth Magic
 12108 | D:10     | Reached skill level 5 in Poison Magic
 12399 | Lair:1   | Entered Level 1 of the Lair of Beasts
 12436 | Lair:1   | Reached skill level 8 in Spellcasting
 13199 | Lair:1   | Reached skill level 7 in Invocations
 13213 | Lair:1   | Reached skill level 8 in Dodging
 13942 | Lair:1   | Reached skill level 6 in Conjurations
 13977 | Lair:2   | Reached skill level 8 in Stealth
 13983 | Lair:2   | Reached XP level 12. HP: 73/89 MP: 24/24
 14281 | Lair:2   | Learned a level 2 spell: Ensorcelled Hibernation
 14300 | Lair:2   | Reached skill level 8 in Air Magic
 14313 | Lair:2   | Found a staircase to the Swamp.
 14388 | Lair:2   | Noticed a six-headed hydra
 14401 | Lair:2   | Killed a six-headed hydra
 14485 | Lair:2   | Found a runed door.
 14486 | Lair:2   | Found a shimmering altar of Xom.
 14486 | Lair:2   | Noticed Execuda's ghost (journeyman TrFi)
 14997 | Lair:2   | Got a fine great sword
 15004 | Lair:2   | Identified the cursed +0 great sword "Ceserph" {drain,
                  | Stlth+} (You found it on level 2 of the Lair of Beasts)
 15217 | Lair:3   | Reached skill level 7 in Fighting
 15217 | Lair:3   | Reached skill level 7 in Short Blades
 15217 | Lair:3   | Reached skill level 7 in Long Blades
 15217 | Lair:3   | Reached skill level 7 in Axes
 15217 | Lair:3   | Reached skill level 7 in Maces & Flails
 15217 | Lair:3   | Reached skill level 7 in Polearms
 15217 | Lair:3   | Reached skill level 7 in Staves
 15217 | Lair:3   | Reached skill level 7 in Slings
 15217 | Lair:3   | Reached skill level 7 in Bows
 15217 | Lair:3   | Reached skill level 7 in Crossbows
 15217 | Lair:3   | Reached skill level 7 in Throwing
 15217 | Lair:3   | Reached skill level 7 in Armour
 15217 | Lair:3   | Reached skill level 7 in Shields
 15217 | Lair:3   | Reached skill level 7 in Unarmed Combat
 15217 | Lair:3   | Reached skill level 7 in Evocations
 15275 | Lair:3   | Got a dazzling chain mail
 15280 | Lair:3   | Found a staircase to the Snake Pit.
 15637 | Lair:3   | Got a crude spear
 15638 | Lair:3   | Identified the +2 spear of Plague {speed, Str+3} (You found
                  | it on level 3 of the Lair of Beasts)
 15657 | Lair:3   | Got a scorched great mace
 15676 | Lair:3   | Identified the +6 great mace "Kithretz" {chaos, Fragile
                  | rElec rF+ Str+7} (You found it on level 3 of the Lair of
                  | Beasts)
 16021 | Lair:4   | Identified the +4 chain mail of Plasticity {rF+} (You found
                  | it on level 3 of the Lair of Beasts)
 16141 | Lair:4   | Noticed Sonja
 16169 | Lair:4   | Killed Sonja
 16257 | Lair:4   | Reached skill level 6 in Hexes
 16257 | Lair:4   | Reached skill level 6 in Charms
 16257 | Lair:4   | Reached skill level 6 in Summonings
 16257 | Lair:4   | Reached skill level 6 in Necromancy
 16257 | Lair:4   | Reached skill level 6 in Translocations
 16257 | Lair:4   | Reached skill level 6 in Transmutations
 16257 | Lair:4   | Reached skill level 6 in Fire Magic
 16257 | Lair:4   | Reached skill level 6 in Ice Magic
 16257 | Lair:4   | Reached skill level 6 in Earth Magic
 16257 | Lair:4   | Reached skill level 6 in Poison Magic
 16892 | Lair:4   | Reached skill level 8 in Invocations
 17122 | Lair:5   | Noticed Kirke
 17271 | Lair:4   | Killed Kirke
 17271 | Lair:4   | Reached skill level 9 in Spellcasting
 17971 | Lair:5   | Found a staircase to the Slime Pits.
 18302 | Lair:6   | Entered Level 6 of the Lair of Beasts
 18305 | Lair:6   | Reached skill level 9 in Dodging
 18372 | Lair:5   | Offered knowledge of Iskenderun's Mystic Blast by Vehumet.
 18501 | Lair:6   | Reached XP level 13. HP: 98/98 MP: 26/26
 18749 | Lair:5   | Reached skill level 9 in Stealth
 19228 | Lair:6   | Reached skill level 7 in Conjurations
 19361 | Lair:6   | Reached skill level 8 in Fighting
 19361 | Lair:6   | Reached skill level 8 in Short Blades
 19361 | Lair:6   | Reached skill level 8 in Long Blades
 19361 | Lair:6   | Reached skill level 8 in Axes
 19361 | Lair:6   | Reached skill level 8 in Maces & Flails
 19361 | Lair:6   | Reached skill level 8 in Polearms
 19361 | Lair:6   | Reached skill level 8 in Staves
 19361 | Lair:6   | Reached skill level 8 in Slings
 19361 | Lair:6   | Reached skill level 8 in Bows
 19361 | Lair:6   | Reached skill level 8 in Crossbows
 19361 | Lair:6   | Reached skill level 8 in Throwing
 19361 | Lair:6   | Reached skill level 8 in Armour
 19361 | Lair:6   | Reached skill level 8 in Shields
 19361 | Lair:6   | Reached skill level 8 in Unarmed Combat
 19361 | Lair:6   | Reached skill level 8 in Evocations
 20323 | Lair:5   | Reached skill level 9 in Invocations
 21209 | Lair:6   | Reached skill level 7 in Hexes
 21209 | Lair:6   | Reached skill level 7 in Charms
 21209 | Lair:6   | Reached skill level 7 in Summonings
 21209 | Lair:6   | Reached skill level 7 in Necromancy
 21209 | Lair:6   | Reached skill level 7 in Translocations
 21209 | Lair:6   | Reached skill level 7 in Transmutations
 21209 | Lair:6   | Reached skill level 7 in Fire Magic
 21209 | Lair:6   | Reached skill level 7 in Ice Magic
 21209 | Lair:6   | Reached skill level 9 in Air Magic
 21209 | Lair:6   | Reached skill level 7 in Earth Magic
 21209 | Lair:6   | Reached skill level 7 in Poison Magic
 21304 | Lair:6   | Offered knowledge of Freezing Cloud by Vehumet.
 21848 | Lair:6   | Reached skill level 10 in Spellcasting
 21938 | Lair:6   | Got a fine granite ring
 22056 | Lair:6   | Found a runed door.
 22088 | Lair:6   | Reached XP level 14. HP: 98/106 MP: 28/28
 22739 | Lair:6   | Reached skill level 10 in Dodging
 22772 | Lair:6   | Identified the ring "Ybbyr" {Fire rPois Dex-3 Stlth+} (You
                  | found it on level 6 of the Lair of Beasts)
 23182 | Lair:2   | Killed Execuda's ghost
 23301 | Lair:2   | Got a smoking long sword {chaos}
 23319 | Lair:2   | Identified the +5 long sword of Baoz {chaos, +Fly rPois
                  | Str-4 Int+2} (You subdued it on level 2 of the Lair of
                  | Beasts)
 23503 | D:11     | Noticed Josephine
 23510 | D:11     | Reached skill level 9 in Fighting
 23510 | D:11     | Reached skill level 9 in Short Blades
 23510 | D:11     | Reached skill level 9 in Long Blades
 23510 | D:11     | Reached skill level 9 in Axes
 23510 | D:11     | Reached skill level 9 in Maces & Flails
 23510 | D:11     | Reached skill level 9 in Polearms
 23510 | D:11     | Reached skill level 9 in Staves
 23510 | D:11     | Reached skill level 9 in Slings
 23510 | D:11     | Reached skill level 9 in Bows
 23510 | D:11     | Reached skill level 9 in Crossbows
 23510 | D:11     | Reached skill level 9 in Throwing
 23510 | D:11     | Reached skill level 9 in Armour
 23510 | D:11     | Reached skill level 9 in Shields
 23510 | D:11     | Reached skill level 9 in Unarmed Combat
 23510 | D:11     | Reached skill level 9 in Evocations
 23515 | D:11     | Killed Josephine
 23631 | D:11     | Identified a +0 robe of resistance (You took it off
                  | Josephine on level 11 of the Dungeon)
 23970 | D:11     | Reached skill level 10 in Stealth
 24488 | D:11     | Found Atwiz's Assorted Antiques.
 24605 | D:11     | Found a transporter.
 24609 | D:11     | Noticed Ablot's ghost (journeyman GnSk)
 24643 | D:11     | Found a transporter.
 24721 | D:11     | Found a shattered altar of Ashenzari.
 24725 | D:11     | Saw a vision of the Swamp and the Snake Pit.
 24800 | D:11     | Noticed Nergalle
 24842 | D:11     | Killed Nergalle
 24842 | D:11     | Reached skill level 8 in Conjurations
 24957 | D:11     | Found a staircase to the Orcish Mines.
 25250 | D:5      | Reached skill level 10 in Invocations
 25252 | D:5      | Killed Ablot's ghost
 25269 | D:5      | Got an ancient great mace {crush}
 25270 | D:5      | Identified the +6 great mace of the Hierophant {crush,
                  | +Rage rC+} (You took it off an ogre on level 5 of the
                  | Dungeon)
 25530 | D:12     | Learned a level 6 spell: Freezing Cloud
 25687 | D:12     | Found a runed gate.
 25691 | D:12     | Found a runed gate.
 25691 | D:12     | Noticed WhatIsLove's ghost (journeyman HOFi)
 25692 | D:12     | Found a runed gate.
 25698 | D:12     | Found a roughly hewn altar of Beogh.
 25781 | D:12     | Offered knowledge of Bolt of Fire by Vehumet.
 25917 | D:12     | Noticed Urug
 25922 | D:12     | Killed Urug
 26774 | D:11     | Killed WhatIsLove's ghost
 27132 | D:12     | Got a fine dagger
 27133 | D:12     | Identified the +7 dagger of the Lamprey {drain, rElec} (You
                  | found it on level 12 of the Dungeon)
 27740 | D:13     | You fall through a shaft for 2 floors!
 27740 | D:15     | Entered Level 15 of the Dungeon
 27941 | D:15     | Noticed Louise
 27955 | D:14     | Found a gate to the Vaults.
 28163 | D:13     | Reached skill level 8 in Hexes
 28163 | D:13     | Reached skill level 8 in Charms
 28163 | D:13     | Reached skill level 8 in Summonings
 28163 | D:13     | Reached skill level 8 in Necromancy
 28163 | D:13     | Reached skill level 8 in Translocations
 28163 | D:13     | Reached skill level 8 in Transmutations
 28163 | D:13     | Reached skill level 8 in Fire Magic
 28163 | D:13     | Reached skill level 8 in Ice Magic
 28163 | D:13     | Reached skill level 8 in Earth Magic
 28163 | D:13     | Reached skill level 8 in Poison Magic
 28171 | D:13     | Reached XP level 15. HP: 114/114 MP: 17/29
 28369 | D:13     | Found a runed gate.
 28378 | D:13     | Noticed tidbits's ghost (novice FeTm)
 28379 | D:13     | Found a runed gate.
 28379 | D:13     | Found a runed gate.
 29166 | D:13     | Noticed Maurice
 29209 | D:12     | Upgraded the game from 0.23-a0-252-g069075cd5b to
                  | 0.23-a0-296-ga3b1b28ecf
 29252 | D:13     | Killed Maurice
 29495 | D:12     | Killed tidbits's ghost
 29495 | D:12     | Offered knowledge of Conjure Ball Lightning by Vehumet.
 29992 | D:12     | Got a twisted robe
 30007 | D:12     | Identified the +2 robe of Hoasint {rElec Int+2 Dex-4} (You
                  | took it off an orc on level 12 of the Dungeon)
 30059 | Orc:1    | Entered Level 1 of the Orcish Mines
 30336 | Orc:2    | Entered Level 2 of the Orcish Mines
 30353 | Orc:2    | Noticed Saint Roka
 31346 | D:11     | Upgraded the game from 0.23-a0-296-ga3b1b28ecf to
                  | 0.23-a0-352-geaabbf348b
 32693 | D:14     | Reached skill level 11 in Spellcasting
 32732 | D:14     | Reached skill level 10 in Air Magic
 33741 | D:14     | Reached skill level 10 in Fighting
 33741 | D:14     | Reached skill level 10 in Short Blades
 33741 | D:14     | Reached skill level 10 in Long Blades
 33741 | D:14     | Reached skill level 10 in Axes
 33741 | D:14     | Reached skill level 10 in Maces & Flails
 33741 | D:14     | Reached skill level 10 in Polearms
 33741 | D:14     | Reached skill level 10 in Staves
 33741 | D:14     | Reached skill level 10 in Slings
 33741 | D:14     | Reached skill level 10 in Bows
 33741 | D:14     | Reached skill level 10 in Crossbows
 33741 | D:14     | Reached skill level 10 in Throwing
 33741 | D:14     | Reached skill level 10 in Armour
 33741 | D:14     | Reached skill level 10 in Shields
 33741 | D:14     | Reached skill level 10 in Unarmed Combat
 33741 | D:14     | Reached skill level 10 in Evocations
 34580 | D:15     | Reached skill level 11 in Dodging
 34634 | D:15     | Slain by a very large slime creature

Vanquished Creatures
  Kirke (Lair:4)
  The ghost of WhatIsLove the Protected, a journeyman HOFi of Beogh (D:11)
  A fire dragon (Lair:6)
  Josephine (D:11)
  The ghost of Execuda the Grappler, a journeyman TrFi of Okawaru (Lair:2)
  3 hydras
  4 two-headed ogres
  A dancing weapon (Lair:2)
  A centaur warrior (D:13)
  5 death yaks
  A tengu warrior (D:13)
  Urug (D:12)
  Sonja (Lair:4)
  Nergalle (D:11)
  A deep troll (D:15)
  2 unseen horrors
  The ghost of tidbits the Transmogrifier, a novice FeTm of Cheibriados (D:12)
  A lindwurm (Lair:6)
  2 cyclopes
  5 black mambas
  14 ugly things
  2 centaur zombies (D:12)
  Maurice (D:13)
  3 gargoyles
  6 torpor snails (Lair:6)
  5 spiny frogs
  The ghost of Ablot the Charmwright, a novice GnSk (D:5)
  5 kobold demonologists (D:13)
  9 komodo dragons
  A freezing wraith (D:14)
  2 rime drakes
  A yaktaur (D:15)
  An efreet (D:14)
  4 trolls
  6 meliai
  A wind drake (shapeshifter) (D:14)
  9 hornets (Lair:6)
  12 polar bears
  Grinder (D:5)
  4 tyrant leeches (Lair:6)
  A slime creature (shapeshifter) (D:14)
  14 slime creatures
  13 blink frogs
  2 raiju (Lair:6)
  7 hippogriffs
  A spriggan (D:8)
  3 wraiths (D:11)
  44 yaks
  4 basilisks
  2 wyverns
  15 centaurs
  6 vampire mosquitoes
  2 hungry ghosts
  3 steam dragons
  2 nagas (Lair:3)
  9 wargs
  A soldier ant (D:13)
  2 acid dragons (D:12)
  Menkaure (D:7)
  17 water moccasins
  4 porcupines
  13 hell hounds (Lair:6)
  4 ice beasts
  Purgy (Sewer)
  7 sky beasts
  14 black bears
  2 phantoms (D:8)
  A necrophage (D:7)
  19 orc warriors
  14 ogres
  5 crocodiles
  17 wolves
  9 big kobolds
  A gnoll sergeant (D:9)
  13 bullfrogs
  A wyvern zombie (D:11)
  A wyvern skeleton (D:10)
  2 scorpions
  9 killer bees
  A howler monkey (D:11)
  2 electric eels (Lair:2)
  4 crimson imps
  A bullfrog zombie (D:12)
  3 quasits
  5 hounds
  18 orc priests
  3 bullfrog skeletons
  16 jellies
  26 orc wizards
  8 centaur skeletons
  Ijyb (D:4)
  9 worker ants
  5 iguanas
  Natasha (thrice) (D:2)
  2 hound zombies
  2 worker ant zombies (D:11)
  8 gnolls
  12 adders
  4 oozes
  An adder zombie (D:6)
  An adder skeleton (D:5)
  2 worms (D:2)
  4 dart slugs
  10 leopard geckos
  77 orcs
  2 giant cockroaches
  5 goblins
  8 hobgoblins
  18 jackals
  4 quokkas
  A ball python (D:2)
  11 bats
  3 frilled lizards
  3 jackal skeletons
  32 kobolds
  A leopard gecko skeleton (D:6)
  9 rats
  5 plants
739 creatures vanquished.

Vanquished Creatures (collateral kills)
  A blink frog (shapeshifter) (D:14)
  A wraith (D:14)
  An ogre (D:6)
  An orc (Orc:1)
4 creatures vanquished.

Vanquished Creatures (others)
  3 fungi (Lair:6)
  31 plants
34 creatures vanquished.

Grand Total: 777 creatures vanquished
